 Dungeon Crawl Stone Soup version 0.31-a0-675-g238779eb0a (webtiles) character file.

Game seed: 1609537946439816487

41 lunkers the Insei (level 4, -3/35 HPs)
             Began as a Meteoran Shapeshifter on Sept 5, 2023.
             Slain by a gnoll
             ... wielding a +0 spear
              (6 damage)
             ... on level 2 of the Dungeon.
             The game lasted 00:00:49 (709 turns).

lunkers the Insei (Meteoran Shapeshifter)            Turns: 709, Time: 00:00:50

Health: -3/35      AC:  5    Str: 15    XL:     4   Next: 1%
Magic:  5/5        EV: 11    Int: 12    God:
Gold:   93         SH:  0    Dex: 15    Spells: 3/3 levels left

rFire   . .          .
                       - Unarmed
rCold   . . .        (no shield)
rNeg    . . .        h - +0 ring mail
rPois   .            (helmet currently unavailable)
rElec   .            (cloak currently unavailable)
rCorr   .            (gloves currently unavailable)
SInv    .            (boots currently unavailable)
Will    .....        (no amulet)
Stlth   +            (no ring)
HPRegen 0.25/turn    (no ring)
MPRegen 0.09/turn

%: no passive effects
@: beast-form, glowing
A: beast (slay +2), sense surroundings 1, otherworldly, glowing, explore regen
a: Begin Untransformation


You were on level 2 of the Dungeon.
You were a hulking beast.
You visited 1 branch of the dungeon, and saw 2 of its levels.

You collected 93 gold pieces.

Inventory:

Armour
 a - a +0 animal skin
 h - a +0 ring mail (worn)
Talismans
 c - a beast talisman (active)
 d - a flux talisman
Scrolls
 e - 2 scrolls of enchant weapon {unknown}
 g - a scroll of identify {unknown}
 i - a scroll of fear {unknown}
 j - a scroll of torment {unknown}
 k - a scroll of revelation {unknown}
Potions
 b - a potion of lignification
 f - a potion of degeneration {unknown}
 l - a potion of heal wounds {unknown}


   Skills:
 - Level 1.1 Fighting
 - Level 2.1 Dodging
 * Level 4.8 Unarmed Combat
 + Level 4.2 Shapeshifting


You had 3 spell levels left.
You didn't know any spells.
Your spell library was empty.

Dungeon Overview and Level Annotations

Branches:
Dungeon (2/15) Zot: 494

Altars:

Shops:
D:2 *


Innate Abilities, Weirdness & Mutations

You are a hulking beast.
Your limbs bulge with bestial killing power. (Slay +2)
You passively map a small area around you.
You are easily found by Zot.
You glow in the dark.
You regain HP and MP as you explore.


Message History

a +0 whip; 4 gold pieces A gnoll comes into view.
It is wielding a +0 spear.
The gnoll shouts!
The gnoll misses you. The gnoll closely misses you.
You punch the gnoll!
The gnoll is severely wounded.
The gnoll barely misses you. The gnoll misses you.
You barely miss the gnoll.
The gnoll is severely wounded.
The gnoll completely misses you.
The gnoll hits you from afar with a +0 spear.
* * * LOW HITPOINT WARNING * * *
You hit the gnoll.
You kill the gnoll!
The gnoll throws a throwing net.
The throwing net hits you.
You become entangled in the net!
You have reached level 4!
You struggle against the net.
The gnoll barely misses you.
You struggle against the net.
The gnoll hits you from afar with a +0 spear.
* * * LOW HITPOINT WARNING * * *
You struggle against the net.
The gnoll hits you but does no damage.
You rip the net and break free!
The gnoll barely misses you.
Unknown command.
The gnoll hits you but does no damage. The gnoll misses you.
There is an open door here.
Things that are here:
a +0 halberd; a throwing net; a gnoll corpse You hit the gnoll.
The gnoll is lightly wounded.
The gnoll hits you with a +0 spear.
* * * LOW HITPOINT WARNING * * *
The gnoll hits you from afar with a +0 spear!
* * * LOW HITPOINT WARNING * * *
You hit the gnoll.
The gnoll is heavily wounded.
The gnoll hits you from afar with a +0 spear.
* * * LOW HITPOINT WARNING * * *
The gnoll hits you with a +0 spear.
You die...

, ** ##.#######* #.#
* #.# , ##'##
##...## , ,
##.....## *,* ,
#......)## * ,,. *
#.........####...# *
, , ,
.'...!.....hgg.....,
###.........####....
##.......## ** # *
##.....## ##...## ,
* ##'# , , #. , # *
* ,


You could see 2 gnolls.

Vanquished Creatures
  2 gnolls (D:2)
  2 worms (D:2)
  2 bats
  2 endoplasms
  A giant cockroach (D:1)
  2 goblins (D:1)
  2 hobgoblins (D:1)
  A frilled lizard (D:2)
  3 rats (D:1)
17 creatures vanquished.

Notes
Turn   | Place    | Note
-------+----------+-------------------------------------------
     0 | D:1      | lunkers the Meteoran Shapeshifter began the quest for the
                  | Orb.
     0 | D:1      | Reached XP level 1. HP: 16/16 MP: 2/2
   242 | D:1      | Reached XP level 2. HP: 13/23 MP: 3/3
   502 | D:1      | Glimpsed the power of Zot.
   566 | D:2      | Found Okoaprog's Assorted Antiques.
   679 | D:2      | Reached XP level 3. HP: 18/28 MP: 4/4
   703 | D:2      | Reached XP level 4. HP: 20/35 MP: 5/5
   709 | D:2      | Slain by a gnoll

Illustrated notes

Levels and vault maps discovered:
D:1:      psy_arrival_radial01, layout_basic, minmay_tetromino_o2
D:2:      layout_loops_corners, basic_ecumenical_altar, serial_shops,
          nicolae_shop_tiny_statue_garden

Skill      XL: |  1  2 |
---------------+-------+-----
Unarmed Combat | 4 |  4.8
Shapeshifting  | 4 |  4.2
Fighting       | |  1.1
Dodging        | |  2.1

Action                     |  1- 3 |  4- 6 || total
---------------------------+-------+-------++-------
  Melee: Unarmed           |    56 |     2 ||    58
         Punch             |     1 |       ||     1
 Armour: Animal skin       |     3 |       ||     3
         Ring mail         |    29 |     7 ||    36
  Dodge: Dodged            |    32 |     3 ||    35

Table legend: (Time is in decaauts)
 A = Elapsed time spent in this place.
 B = Non-inter-level travel time spent in this place.
 C = Inter-level travel time spent in this place.
 D = Time resting spent in this place.
 E = Time spent auto-exploring this place.
 F = Levels seen in this place.
 G = Mean time per level.
                   A        B        C        D        E       F      G
               +--------+--------+--------+--------+--------+-----+--------+
         Total |    704 |    685 |     19 |      0 |    537 |   2 |  352.0 |
       Dungeon |    704 |    685 |     19 |      0 |    537 |   2 |  352.0 |
               +--------+--------+--------+--------+--------+-----+--------+

Top non-repeatable levels by time:
     D:1: 519 daAuts
     D:2: 184 daAuts
